 Dungeon Crawl Stone Soup version 0.19-a0-1831-gd4c818f (webtiles) character file.

32883 Flanowski the Earth Mage (level 13, -3/76 HPs)
             Began as a Gargoyle Earth Elementalist on Oct 8, 2016.
             Was a High Priest of Vehumet.
             Slain by Arkorax's ghost (29 damage)
             ... on level 6 of the Lair of Beasts.
             The game lasted 00:54:38 (15685 turns).

Flanowski the Earth Mage (GrEE)                    Turns: 15685, Time: 00:54:39

Health: -3/76      AC: 17    Str: 13    XL:     13   Next: 67%
Magic:  1/39       EV: 21    Int: 20    God:    Vehumet [*****.]
Gold:   1134       SH:  0    Dex: 20    Spells: 5 memorised, 23 levels left

rFire  + . .     SeeInvis .     T - +3 great sword of Scorn {venom, rF+ Dex+6}
rCold  . . .     Gourm    .     m - +2 leather armour {MR+}
rNeg   + . .     Faith    .     (shield currently unavailable)
rPois  ∞         Spirit   .     C - +1 helmet
rElec  +         Dismiss  .     (no cloak)
rCorr  .         Reflect  .     (no gloves)
MR     +....     Harm     .     x - +0 pair of boots
Stlth  ++........               H - amulet "Powk" {Regen+ Dex+4}
                                Q - ring of magical power
                                X - +5 ring of evasion

@: no status effects
A: negative energy resistance 1, electricity resistance, unbreathing,
petrification resistance, rot immunity, AC +9
a: Renounce Religion


You were on level 6 of the Lair of Beasts.
You worshipped Vehumet.
Vehumet was extremely pleased with you.
You were not hungry.

You visited 3 branches of the dungeon, and saw 16 of its levels.

You collected 1134 gold pieces.

Inventory:

Hand Weapons
 T - the +3 great sword of Scorn (weapon) {venom, rF+ Dex+6}
   (You found it on level 8 of the Dungeon)

   It poisons the flesh of those it strikes.
   It affects your dexterity (+6).
   It protects you from fire.
Missiles
 b - 342 stones (quivered)
Armour
 m - a +2 leather armour of magic resistance (worn)
 x - a +0 pair of boots (worn)
 C - a +1 helmet (worn)
Jewellery
 o - an uncursed ring of see invisible
 H - the amulet "Powk" (around neck) {Regen+ Dex+4}
   (You found it on level 6 of the Dungeon)

   [amulet of regeneration]

   It affects your dexterity (+4).
   It increases your rate of regeneration.
 M - an uncursed ring of flight
 Q - a ring of magical power (right hand)
 X - a +5 ring of evasion (left hand)
Wands
 u - a wand of flame (20/48)
 E - a wand of paralysis (12/24)
 R - a wand of heal wounds (5/9)
 W - a wand of disintegration (11/24)
Scrolls
 f - 2 scrolls of recharging
 g - a scroll of enchant weapon
 h - 3 scrolls of fear
 j - 3 scrolls of immolation
 r - 4 scrolls of teleportation
 y - 2 scrolls of fog
 F - 2 scrolls of enchant armour
 G - 5 scrolls of remove curse
 S - a scroll of torment {unknown}
 U - a scroll of blinking
 V - a scroll of silence
 Z - a scroll of amnesia
Potions
 a - 2 potions of invisibility
 k - 2 potions of beneficial mutation {unknown}
 l - 2 potions of berserk rage
 p - 3 potions of agility {unknown}
 s - 2 potions of ambrosia {unknown}
 t - 3 potions of heal wounds {unknown}
 z - a potion of resistance {unknown}
 A - 6 potions of curing {unknown}
 B - a potion of cure mutation {unknown}
 I - 3 potions of might {unknown}
 J - 2 potions of brilliance {unknown}
 K - 3 potions of flight {unknown}
 N - a potion of lignification {unknown}
Books
 e - a book of Geomancy

   Spells                             Type                      Level
   a - Sandblast                      Earth                        1
   b - Passwall                       Transmutation/Earth          2
   c - Stone Arrow                    Conjuration/Earth            3
   d - Petrify                        Transmutation/Earth          4
   e - Lee's Rapid Deconstruction     Earth                        5
 D - a book of Misfortune

   Spells                             Type                      Level
   a - Confusing Touch                Hexes                        1
   b - Confuse                        Hexes                        3
   c - Gell's Gravitas                Hexes/Translocation          3
   d - Petrify                        Transmutation/Earth          4
   e - Metabolic Englaciation         Hexes/Ice                    5
   f - Yara's Violent Unravelling     Hexes/Transmutation          5
 P - a Young Poisoner's Handbook

   Spells                             Type                      Level
   a - Sting                          Conjuration/Poison           1
   b - Mephitic Cloud                 Conjuration/Poison/Air       3
   c - Olgreb's Toxic Radiance        Poison                       4
   d - Alistair's Intoxication        Transmutation/Poison         5
   e - Venom Bolt                     Conjuration/Poison           5
Miscellaneous
 Y - a fan of gales
Comestibles
 c - a royal jelly
 d - 15 bread rations
 n - 7 beef jerkies
 q - 9 fruits
 v - 6 meat rations
 w - 3 slices of pizza


   Skills:
 + Level 7.4 Fighting
 + Level 5.7 Dodging
 - Level 2.1 Stealth
 + Level 13.1 Spellcasting
 + Level 7.2 Conjurations
 - Level 0.7 Transmutations
 - Level 16.0 Earth Magic


You had 23 spell levels left.
You knew the following spells:

 Your Spells              Type           Power        Failure   Level  Hunger
a - Sandblast             Erth           ######       0%          1    None
b - Passwall              Tmut/Erth      #####.....   1%          2    None
c - Stone Arrow           Conj/Erth      ######       1%          3    None
d - Lee's Rapid Deconstr  Erth           ######....   1%          5    ####...
e - Petrify               Tmut/Erth      #####...     1%          4    None


Dungeon Overview and Level Annotations

Branches:
Dungeon (9/15)             Temple (1/1) D:5            Lair (6/6) D:9
  Swamp (0/4) Lair:2        Snake (0/4) Lair:2
  Slime: Lair:5-6       Orc: D:9-12

Altars:
Ashenzari
Cheibriados
Dithmenos
Elyvilon
Fedhas
Gozag
Hepliaklqana
Kikubaaqudgha
Makhleb
Nemelex Xobeh
Okawaru
Qazlal
Ru
Sif Muna
Trog
Uskayaw
Vehumet
Xom
Yredelemnul
Zin
The Shining One

Shops:
D:5 =   D:8 =   D:9 [=

Annotations:
Lair:6 Arkorax's ghost, journeyman FoFi


Innate Abilities, Weirdness & Mutations

You are resistant to torment.
Your stone body is resilient. (AC +9)
You are immune to poison.
You resist negative energy. (rN+)
You are resistant to electric shocks. (rElec)
You can survive without breathing.
You are immune to petrification.
You are immune to rotting.


Message History

Arkorax's ghost is severely damaged.
Casting: Stone Arrow
Confirm with . or Enter, or press ? or * to list all spells.
Aiming: Stone Arrow
Press: ? - help, Shift-Dir - straight line, f/p - Arkorax's ghost
Aim: Arkorax's ghost (severely damaged)
The stone arrow hits Arkorax's ghost.
Arkorax's ghost is severely damaged.
Arkorax's ghost shouts, "They lied to you.
The Dungeon just goes down and down forever."
Casting: Stone Arrow
Confirm with . or Enter, or press ? or * to list all spells.
Aiming: Stone Arrow
Press: ? - help, Shift-Dir - straight line, f/p - Arkorax's ghost
Aim: Arkorax's ghost (severely damaged)
The stone arrow hits Arkorax's ghost.
Arkorax's ghost is severely damaged.
Arkorax's ghost hits you!! Arkorax's ghost hits you!!
Arkorax's ghost hits you!!
You die...

### ### #.# #.######
#.######. #...#PP##
#........ #....P..#
#........ #.....<.##
##....... #........#####
#.......
##P........##.#####.......
##.......W.####............
#.........@................
#..........................
#P.........................
##.....#...P.#.P...........
#..###.##.P#........≈..P≈.
#### #.......≈≈≈..≈.≈≈..≈≈
#.#.....≈##≈≈##≈≈##≈≈
####....P##≈≈≈#≈≈##≈≈
#....≈≈≈≈≈≈≈≈≈≈≈≈≈


You could see Arkorax's ghost.

Vanquished Creatures
  6 hydras
  A merfolk avatar (Lair:6)
  A death yak (D:9)
  A manticore (Lair:3)
  6 elephants
  5 black mambas
  15 spiny frogs
  8 rime drakes
  6 komodo dragons
  A queen bee (Lair:3)
  A two-headed ogre (D:9)
  11 blink frogs
  4 hippogriffs
  8 wyverns
  15 yaks
  Eustachio (D:4)
  2 basilisks
  Edmund (D:5)
  8 porcupines
  7 water moccasins
  Duvessa (D:5)
  An orc warrior (D:9)
  A sky beast (D:5)
  9 wolves
  A necrophage (D:7)
  4 ogres
  5 centaurs
  12 crocodiles
  A big kobold (D:9)
  Blork the orc (D:4)
  11 bullfrogs
  A wyvern zombie (D:7)
  Dowan (D:5)
  2 scorpions (D:9)
  27 killer bees (Lair:3)
  2 howler monkeys
  2 electric eels (Lair:6)
  3 crimson imps
  3 bullfrog zombies
  A quasit (D:7)
  4 hounds
  A jelly (D:8)
  2 bullfrog skeletons
  3 orc priests
  2 gnoll shamans
  3 centaur skeletons
  7 iguanas
  9 orc wizards
  10 hell rats (Lair:1)
  5 worker ants
  2 hound zombies
  2 hound skeletons
  7 gnolls
  11 river rats
  9 adders
  2 oozes (D:2)
  An adder skeleton (D:7)
  An adder zombie (D:7)
  3 dart slugs
  2 worms
  5 leopard geckos
  18 orcs
  2 bats
  9 giant cockroaches
  16 goblins
  12 hobgoblins
  11 jackals
  11 kobolds
  3 quokkas
  2 ball pythons (D:2)
  4 frilled lizards (D:1)
  2 jackal skeletons
  A jackal zombie (D:5)
  A quokka zombie (D:6)
  22 rats
  2 fungi
404 creatures vanquished.

Vanquished Creatures (others)
  A hobgoblin (D:1)
  A kobold (D:1)
  10 fungi
  10 plants (Lair:6)
22 creatures vanquished.

Grand Total: 426 creatures vanquished

Notes
Turn   | Place    | Note
-------+----------+-------------------------------------------
     0 | D:1      | Flanowski the Gargoyle Earth Elementalist began the quest for the Orb.
     0 | D:1      | Reached XP level 1. HP: 10/10 MP: 3/3
    43 | D:1      | Reached skill level 4 in Earth Magic
    72 | D:1      | Reached XP level 2. HP: 15/15 MP: 0/5
   776 | D:1      | Reached skill level 5 in Earth Magic
   776 | D:1      | Reached XP level 3. HP: 19/19 MP: 2/6
  1196 | D:2      | Found a white marble altar of Elyvilon.
  1730 | D:2      | Reached XP level 4. HP: 12/24 MP: 0/7
  2194 | D:3      | Reached skill level 6 in Earth Magic
  2423 | D:3      | Found a blossoming altar of Fedhas.
  2609 | D:3      | Found a shadowy altar of Dithmenos.
  2681 | D:3      | Reached XP level 5. HP: 17/28 MP: 0/8
  3005 | D:4      | Noticed an ogre
  3010 | D:4      | Noticed Eustachio
  3011 | D:4      | Killed an ogre
  3011 | D:4      | Reached skill level 7 in Earth Magic
  3020 | D:4      | Reached skill level 8 in Earth Magic
  3020 | D:4      | Reached XP level 6. HP: 29/32 MP: 3/9
  3075 | D:4      | Killed Eustachio
  3116 | D:4      | Learned a level 2 spell: Passwall
  3120 | D:4      | Learned a level 3 spell: Stone Arrow
  3188 | D:4      | Reached skill level 9 in Earth Magic
  3260 | D:4      | Noticed Blork the orc
  3264 | D:4      | Killed Blork the orc
  3264 | D:4      | Reached XP level 7. HP: 31/36 MP: 6/10
  3618 | D:4      | Found a glowing silver altar of Zin.
  3632 | D:4      | Found a burning altar of Makhleb.
  3635 | D:4      | Found a shattered altar of Ashenzari.
  3638 | D:4      | Found a shimmering altar of Xom.
  3643 | D:4      | Reached skill level 10 in Earth Magic
  3875 | D:5      | Entered Level 5 of the Dungeon
  3875 | D:5      | Found Vuyqaom's Jewellery Shop.
  4060 | D:5      | Noticed Duvessa
  4060 | D:5      | Noticed Dowan
  4086 | D:5      | Killed Dowan
  4086 | D:5      | Reached XP level 8. HP: 41/41 MP: 6/11
  4105 | D:5      | Noticed Edmund
  4107 | D:5      | Killed Duvessa
  4107 | D:5      | Reached skill level 11 in Earth Magic
  4388 | D:5      | Killed Edmund
  4576 | D:5      | Found a staircase to the Ecumenical Temple.
  4595 | Temple   | Entered the Ecumenical Temple
  4831 | D:5      | Learned a level 5 spell: Lee's Rapid Deconstruction
  4935 | D:5      | Found an iron altar of Okawaru.
  5217 | D:6      | Reached skill level 12 in Earth Magic
  5964 | D:6      | Got a fine emerald amulet
  5965 | D:6      | Identified the amulet "Powk" {Regen+ Dex+4} (You found it on level 6 of the Dungeon)
  6007 | D:7      | Reached skill level 13 in Earth Magic
  6020 | D:7      | Reached XP level 9. HP: 41/45 MP: 1/12
  6163 | D:7      | Found an opulent altar of Gozag.
  6495 | D:7      | Found a hide-covered altar of Uskayaw.
  6748 | D:7      | Reached skill level 14 in Earth Magic
  7301 | D:8      | Found Pow Jomo's Jewellery Shop.
  7315 | D:8      | Found a radiant altar of Vehumet.
  7323 | D:8      | Became a worshipper of Vehumet
  7351 | D:8      | Got a shimmering great sword
  7352 | D:8      | Identified the +3 great sword of Scorn {venom, rF+ Dex+6} (You found it on level 8 of the Dungeon)
  7746 | D:9      | Found Orockak's Jewellery Shoppe.
  7758 | D:9      | Noticed a two-headed ogre
  7759 | D:9      | Killed a two-headed ogre
  7759 | D:9      | Reached skill level 15 in Earth Magic
  7787 | D:9      | Reached XP level 10. HP: 15/50 MP: 6/15
  8213 | D:9      | Found Kauffiug's Armour Shop.
  8237 | D:9      | Reached * piety under Vehumet
  8237 | D:9      | Offered knowledge of Flame Tongue by Vehumet.
  8285 | D:9      | Noticed a death yak
  8307 | D:9      | Killed a death yak
  8307 | D:9      | Reached skill level 5 in Spellcasting
  8307 | D:9      | Reached skill level 1 in Conjurations
  8445 | D:9      | Reached skill level 16 in Earth Magic
  8479 | D:9      | Found a staircase to the Lair.
  8850 | Lair:1   | Entered Level 1 of the Lair of Beasts
  8905 | Lair:1   | Offered knowledge of Shock by Vehumet.
  8923 | Lair:1   | Reached skill level 1 in Fighting
  8926 | Lair:1   | Reached ** piety under Vehumet
  9100 | Lair:1   | Reached XP level 11. HP: 57/57 MP: 4/21
  9515 | Lair:1   | Offered knowledge of Throw Frost by Vehumet.
  9549 | Lair:1   | Reached *** piety under Vehumet
 10026 | Lair:2   | Learned a level 4 spell: Petrify
 10083 | Lair:2   | Noticed a six-headed hydra
 10086 | Lair:2   | Killed a six-headed hydra
 10173 | Lair:2   | Found a staircase to the Swamp.
 10537 | Lair:2   | Found a staircase to the Snake Pit.
 11081 | Lair:2   | Offered knowledge of Airstrike by Vehumet.
 11222 | Lair:2   | Reached skill level 5 in Fighting
 11343 | Lair:3   | Noticed a five-headed hydra
 11357 | Lair:3   | Killed a five-headed hydra
 11357 | Lair:3   | Reached XP level 12. HP: 68/68 MP: 18/25
 11539 | Lair:3   | Noticed a four-headed hydra
 11546 | Lair:3   | Killed a four-headed hydra
 11546 | Lair:3   | Reached skill level 10 in Spellcasting
 11705 | Lair:3   | Reached **** piety under Vehumet
 11754 | Lair:3   | Offered knowledge of Iskenderun's Battlesphere by Vehumet.
 12201 | Lair:3   | Reached skill level 5 in Conjurations
 12414 | Lair:3   | Reached skill level 5 in Dodging
 12579 | Lair:3   | Noticed an eight-headed hydra
 12601 | Lair:3   | Killed an eight-headed hydra
 12984 | Lair:4   | Noticed a seven-headed hydra
 12990 | Lair:4   | Killed a seven-headed hydra
 12997 | Lair:4   | Reached XP level 13. HP: 76/76 MP: 11/28
 13754 | Lair:5   | Reached ***** piety under Vehumet
 14311 | Lair:5   | Offered knowledge of Delayed Fireball by Vehumet.
 14596 | Lair:6   | Entered Level 6 of the Lair of Beasts
 14789 | Lair:6   | Noticed Arkorax's ghost (journeyman FoFi)
 15685 | Lair:6   | Slain by Arkorax's ghost

Vault maps used:
D:1:      saegor_arrival_miasma, fountainhead
D:2:      lemuel_crystal_altar, first_bread
D:3:      lemuel_crystal_altar, fedhas_altar_3
D:4:      grunt_temple_overflow_cloverleaf, minmay_ogre_servants,
          uniq_eustachio, uniq_blork_the_orc
D:5:      lemuel_doored_altar, serial_shops, shop_coins, kennysheep_nub,
          due_unseen_surprise, uniq_duvessa, uniq_edmund
D:6:      minivault_24, grunt_decor_fettered
D:7:      grunt_gozag_statues, minmay_ruined_shrine
D:8:      overflow_temple_1_default, serial_shops, nicolae_shop_stone,
          grunt_ogre_cave, nicolae_zen_rock_garden
D:9:      dpeg_lair_monsters, serial_shops,
          nicolae_shop_competitors_out_of_business, shop, minmay_holes,
          st_stairs_5
Temple:   minmay_temple_bridge_abc
Lair:1:   lemuel_ratsnest
Lair:2:   swamp_mist_pool, guppyfry_snake_entry_garden, minivault_27,
          grunt_forest_stairs_basic
Lair:3:   regret_index_combs_of_tragedy
Lair:4:   minivault_11
Lair:5:   hangedman_lair_unloving_vines, st_stairs_7, fungi_pond_lemuel
Lair:6:   gammafunk_lair_ancient_temple, minmay_slime_entry_oklob_open,
          nicolae_quartered_pool_medium, st_stairs_9

Skill      XL: |  1  2  3  4  5  6  7  8  9 10 11 12 13 |
---------------+----------------------------------------+-----
Earth Magic    | 4 5 6 8 9 10 13 15 16 | 16.0
Spellcasting   | 3 6 9 11 13 | 13.1
Conjurations   | 3 4 5 7 |  7.2
Fighting       | 2 5 6 7 |  7.4
Dodging        | 2 3 5 |  5.7
Stealth        | |  2.1
Transmutations | |  0.7

Action                   |  1- 3 |  4- 6 |  7- 9 | 10-12 | 13-15 || total
-------------------------+-------+-------+-------+-------+-------++-------
Melee: Unarmed           |    76 |       |       |       |       ||    76
       Dagger            |    46 |    35 |    85 |       |       ||   166
       Great sword       |       |       |    16 |   256 |    31 ||   303
 Cast: Sandblast         |    69 |    43 |   183 |    10 |       ||   305
       Lee's Rapid Decon |       |       |     8 |    58 |    32 ||    98
       Stone Arrow       |       |       |     1 |   112 |    99 ||   212
       Petrify           |       |       |       |     3 |     2 ||     5
Evoke: Wand              |       |       |       |     1 |       ||     1
  Use: Scroll            |     4 |     2 |    12 |     5 |     1 ||    24
       Potion            |       |       |     1 |       |       ||     1
 Stab: Sleeping          |       |       |     1 |     2 |     1 ||     4
       Distracted        |       |       |       |     2 |       ||     2
  Eat: Chunk             |     4 |     5 |    18 |    34 |     9 ||    70
       Bread ration      |       |       |       |       |     1 ||     1
Armor: Robe              |    71 |    19 |       |       |       ||    90
       Leather armour    |       |     4 |    90 |   171 |    24 ||   289
Dodge: Dodged            |    93 |    31 |   123 |   373 |    78 ||   698
       Rpst.: Great sword |       |       |     3 |   142 |    21 ||   166
